AoeStats
← Duckcat

Arabia

508768254Analyzed
4v4 RM · 9d ago on Sep 24, 2026· 45m 14s· 8 players
Game mode
Random Map
Map size
Large (8 player)
Population
200
Speed
Normal
Resources
Standard
Victory
Conquest
Starting age
Dark Age
Ending age
Imperial Age
RankedLock teamsTeams togetherTeam positionsShared explorationLock speedFull tech treeHidden civsTurbo modeCheats
Victory
Defeat
🇳🇴 Franks · Norway
1280
+15
🇲🇽 Persians · Mexico
1278
+15
🇵🇹 Tupi · Portugal
1241
+17
🇨🇦 Ethiopians · Canada
1237
+17
🇲🇽 Varangians · Mexico
1423
-22
🇺🇸 Burmese · United States
1243
-15
🇲🇽 Chinese · Mexico
1207
-14
🇲🇽 Magyars · Mexico
1181
-13
Duckcat
7:47 Loom
10:12 Feudal Age
10:58 Double-Bit Axe
15:38 Horse Collar
22:49 Castle Age
20:56 Fletching
23:01 Padded Archer Armor
24:01 Thumb Ring
23:18 Crossbowman
25:18 Wheelbarrow
24:29 Town Watch
26:28 Bow Saw
30:30 Bodkin Arrow
30:50 Leather Archer Armor
32:14 Hand Cart
32:27 Ballistics
39:31 Imperial Age
39:32 Arbalester
40:14 Bracer
41:16 Chemistry
42:04 Ring Archer Armor
41:42 Siege Engineers
41:32 Murder Holes
41:48 Masonry
42:12 Conscription
Lancelot
4:53 Loom
9:57 Feudal Age
10:42 Double-Bit Axe
10:45 Horse Collar
13:06 Scale Barding Armor
22:04 Castle Age
20:07 Gold Mining
22:04 Fletching
22:49 Bow Saw
24:10 Bow Saw
25:03 Bodkin Arrow
27:05 Wheelbarrow
26:50 Elite Skirmisher
28:23 Stone Mining
29:05 Bloodlines
34:18 Hand Cart
37:00 Imperial Age
34:17 Town Watch
35:28 Husbandry
35:56 Heavy Plow
36:20 Chain Barding Armor
36:11 Murder Holes
37:02 Town Patrol
37:15 Forging
38:14 Conscription
38:27 Padded Archer Armor
37:56 Light Cavalry
37:58 Cavalier
39:40 Plate Barding Armor
39:41 Iron Casting
39:11 Savar
40:34 Ballistics
41:33 Leather Archer Armor
42:03 Stone Shaft Mining
42:04 Gold Shaft Mining
41:40 Devotion
42:44 Two-Man Saw
44:04 Blast Furnace
44:32 Chemistry
44:04 Ring Archer Armor
44:32 Crop Rotation
Dagis
6:09 Loom
9:06 Feudal Age
9:43 Double-Bit Axe
19:24 Wheelbarrow
22:27 Castle Age
20:46 Gold Mining
22:39 Forging
23:10 Husbandry
24:16 Scale Barding Armor
25:32 Chain Barding Armor
31:33 Scale Mail Armor
32:10 Iron Casting
33:55 Hand Cart
36:49 Imperial Age
34:06 Town Watch
36:53 Cavalier
38:19 Plate Barding Armor
39:36 Blast Furnace
40:59 Paladin
41:45 Chivalry
43:18 Conscription
BARAKA wins!
7:53 Loom
9:58 Feudal Age
10:51 Double-Bit Axe
10:58 Gold Mining
13:25 Horse Collar
20:30 Castle Age
18:51 Fletching
19:06 Stone Mining
20:18 Padded Archer Armor
21:13 Bodkin Arrow
21:45 Bow Saw
23:40 Leather Archer Armor
32:45 Wheelbarrow
43:46 Imperial Age
42:02 Hand Cart
44:00 Ballistics
44:54 Conscription
44:49 Bracer
46:23 Chemistry
MZTK | _UVA_
11:57 Feudal Age
16:53 Castle Age
15:37 Double-Bit Axe
15:32 Horse Collar
18:03 Bow Saw
19:08 Scale Barding Armor
23:59 Forging
23:54 Loom
25:34 Chain Barding Armor
27:04 Husbandry
29:42 Iron Casting
34:46 Fletching
42:35 Imperial Age
41:08 Bloodlines
42:00 Wheelbarrow
43:39 Conscription
43:02 Elite Jarl
MZTK l black goku
0:36 Loom
10:11 Feudal Age
16:57 Fletching
19:35 Horse Collar
20:45 Town Watch
21:46 Double-Bit Axe
25:18 Castle Age
24:33 Padded Archer Armor
24:31 Gold Mining
25:20 Crossbowman
26:07 Thumb Ring
25:59 Bodkin Arrow
26:59 Heavy Plow
27:10 Bow Saw
27:17 Leather Archer Armor
35:07 Ballistics
39:21 Imperial Age
40:43 Imperial Age
38:55 Wheelbarrow
40:55 Arbalester
41:06 Light Cavalry
42:24 Bloodlines
42:45 Scale Barding Armor
Polos-Dev
11:38 Feudal Age
40:53 Castle Age
Dragón-Malo
3:48 Loom
10:45 Feudal Age
14:26 Castle Age
15:14 Horse Collar
15:25 Gold Mining
19:17 Town Watch
23:48 Gold Shaft Mining
24:45 Padded Archer Armor
26:29 Bloodlines
26:19 Husbandry
27:40 Stone Mining
28:35 Wheelbarrow
30:54 Town Patrol
32:44 Redemption
32:55 Sanctity
32:46 Fervor
32:38 Atonement
37:50 Hand Cart
47:02 Imperial Age
Connection lost

Rejoining the realm…

Still unreachable

The connection could not be restored.

Session expired

The server has moved on; the page needs a fresh start.